 Dungeon Crawl Stone Soup version 0.26.1-11-gd32895ea62 (webtiles) character file.

Game seed: 17500332486912566078

2611 Descartes the Ruffian (level 9, -3/76 HPs)
             Began as a Troll Hunter on June 24, 2021.
             Slain by Joseph
             ... wielding a +0 quarterstaff
              (13 damage)
             ... on level 7 of the Dungeon.
             The game lasted 00:13:38 (5576 turns).

Descartes the Ruffian (Troll Hunter)                Turns: 5576, Time: 00:13:38

Health: -3/76      AC: 14    Str: 22    XL:     9   Next: 34%
Magic:  8/8        EV:  9    Int: 10    God:
Gold:   257        SH:  0    Dex: 10    Spells: 8/8 levels left

rFire    . . .     SeeInvis +     - Unarmed
rCold    . . .     Faith    .   (no shield)
rNeg     . . .     Spirit   .   u - +2 troll leather armour {Purgy}
rPois    .         Reflect  .   (helmet restricted)
rElec    .         Harm     .   (no cloak)
rCorr    .         Rampage  .   (gloves unavailable)
Will     .....                  (boots unavailable)
Stlth    +.........             B - amulet of magic regeneration
HPRegen  1.02/turn              E - ring of see invisible
MPRegen  0.36/turn              x - +4 ring of protection

@: no status effects
A: large, unfitting armour, claws 3, blink, regeneration 1, shaggy fur 1, tough
skin 3
a: Blink


You were on level 7 of the Dungeon.
You visited 1 branch of the dungeon, and saw 7 of its levels.
You also visited: Sewer.

You collected 399 gold pieces.
You spent 142 gold pieces at shops.

Inventory:

Missiles
 c - 5 large rocks (quivered)
 d - 2 throwing nets
 e - 110 arrows
 f - 156 stones
 k - 58 bolts
 r - 14 boomerangs
 A - 65 sling bullets
 C - 24 poisoned darts
 J - 7 atropa-tipped darts
Armour
 s - a +0 tower shield
 u - a +2 troll leather armour (worn) {Purgy}
 L - a +2 robe of willpower
Jewellery
 j - an uncursed amulet of the acrobat
 n - an uncursed ring of wizardry
 x - a +4 ring of protection (right claw)
 B - an amulet of magic regeneration (around neck)
 E - a ring of see invisible (left claw)
Wands
 y - a wand of paralysis (10)
 D - a wand of acid (11)
 G - a wand of random effects (18)
 K - a wand of polymorph (9)
Scrolls
 g - 2 scrolls of blinking
 h - 2 scrolls of remove curse
 i - a scroll of enchant weapon
 o - 3 scrolls of teleportation
 p - 4 scrolls of identify
 q - 4 scrolls of noise
 v - a scroll of amnesia
Potions
 a - 2 potions of degeneration
 b - a potion of resistance
 l - 3 potions of curing
 m - 3 potions of flight {unknown}
 t - 3 potions of haste {unknown}
 w - 3 potions of brilliance {unknown}
 z - 3 potions of might
 F - a potion of mutation
 H - 2 potions of attraction {unknown}
 I - a potion of berserk rage {unknown}


   Skills:
 - Level 1.5 Fighting
 - Level 5.0 Throwing
 - Level 1.5 Dodging
 - Level 0.3 Stealth
 + Level 6.2 Shields
 + Level 7.9 Unarmed Combat
 + Level 3.7 Evocations


You had 8 spell levels left.
You didn't know any spells.
Your spell library contained the following spells:

 Spells                   Type           Power        Failure   Level
 Summon Small Mammal      Summ           0%           41%         1
 Call Imp                 Summ           0%           54%         2
 Call Canine Familiar     Summ           0%           78%         3
 Summon Guardian Golem    Hex/Summ       0%           78%         3
 Summon Ice Beast         Ice/Summ       0%           99%         4
 Summon Lightning Spire   Summ/Air       0%           99%         4


Dungeon Overview and Level Annotations

Branches:
Dungeon (7/15)             Temple (0/1) D:5           Sewer (visited)

Altars:
Nemelex Xobeh
Qazlal
Vehumet

Shops:
D:4 }   D:5 *

Annotations:
D:7 Joseph


Innate Abilities, Weirdness & Mutations

You are too large for most types of armour.
You have claws for hands.
Your natural rate of healing is unusually fast.
You are covered in fur. (AC +1)
You have extremely tough skin. (AC +3)
You can translocate small distances at will.


Message History

You kill the shadow imp!
Joseph shoots a sling bullet.
The sling bullet hits you!
* * * LOW HITPOINT WARNING * * *
The sling bullet freezes you.
* * * LOW HITPOINT WARNING * * *
Joseph unwields a +3 hunting sling of freezing.
Joseph wields a +0 quarterstaff.
Joseph hits you but does no damage.
You scratch Joseph.
Joseph is lightly wounded.
You scratch Joseph but do no damage. Your claw misses Joseph.
Joseph is lightly wounded.
Joseph hits you with a +0 quarterstaff.
* * * LOW HITPOINT WARNING * * *
You claw Joseph! Your claw misses Joseph.
Joseph is moderately wounded.
Joseph hits you with a +0 quarterstaff!
* * * LOW HITPOINT WARNING * * *
It was a potion of curing.
You feel better. Joseph hits you with a +0 quarterstaff!
You die...

# #.##...##.... #. #...# #
#.#.....##.# .# #.##...#
####.##......)# #... ##.##...#
.........###..####..# ###..##...#
####................. ....##..<#
####.###.###.<####..# #..##....
.....# #.# #........#.###..##...#
.###.###.###.######.#............
#.##...........(@@..#####..##.#.#
###....####....####.(..####....##
##......##..)...##......##......#
....#.....).#.......#.......#....
#..####...)####....####....####..
...####.)..####....####.@.(####..
#....#...)...#.......#.......#...
##......##......##......##......#
##....####....####....####.....#


You could see Joseph.

Vanquished Creatures
  The ghost of generaletaddeo the Changer, an amateur NaTm (D:4)
  2 water moccasins
  Duvessa (D:7)
  Purgy (D:3)
  An orc warrior (D:7)
  A phantom (D:6)
  2 ogres
  A bullfrog (D:7)
  A wyvern zombie (D:6)
  Dowan (D:7)
  6 wights
  2 howler monkeys
  A bullfrog zombie (D:6)
  4 hounds
  5 orc priests
  2 orc wizards
  2 bullfrog skeletons
  5 iguanas
  Natasha (thrice) (D:3)
  6 worker ants
  2 hound skeletons
  Robin (D:3)
  7 adders
  7 gnolls
  9 river rats (D:6)
  3 shadow imps
  3 white imps
  An ufetubus (D:3)
  3 oozes
  An adder skeleton (D:4)
  2 adder zombies
  4 worms
  The ghost of grovkorv the Sneak, a weakling DgDe (D:4)
  3 dart slugs
  A leopard gecko (D:1)
  9 orcs
  6 giant cockroaches
  15 goblins
  5 hobgoblins
  2 jackals (D:7)
  5 kobolds
  14 quokkas
  3 ball pythons
  13 bats
  4 frilled lizards
  A jackal zombie (D:6)
  A leopard gecko skeleton (D:4)
  A leopard gecko zombie (D:7)
  26 rats
201 creatures vanquished.

Notes
Turn   | Place    | Note
-------+----------+-------------------------------------------
     0 | D:1      | Descartes the Troll Hunter began the quest for the Orb.
     0 | D:1      | Reached XP level 1. HP: 19/19 MP: 0/0
   149 | D:1      | Reached skill level 1 in Unarmed Combat
   196 | D:1      | Reached XP level 2. HP: 19/27 MP: 1/1
   828 | D:2      | Reached XP level 3. HP: 32/33 MP: 2/2
  1028 | D:2      | Reached skill level 2 in Unarmed Combat
  1514 | D:3      | Noticed Purgy
  1524 | D:3      | Killed Purgy
  1525 | D:3      | Reached skill level 1 in Shields
  1525 | D:3      | Reached XP level 4. HP: 34/41 MP: 3/3
  1525 | D:3      | Reached XP level 5. HP: 40/48 MP: 4/4
  1562 | D:3      | Reached skill level 3 in Unarmed Combat
  1649 | D:3      | Noticed Natasha
  1659 | D:3      | Killed Natasha
  1679 | D:3      | Noticed Robin
  1731 | D:3      | Killed Robin
  1788 | D:3      | Noticed Natasha
  1793 | D:3      | Killed Natasha
  1957 | D:3      | Noticed Natasha
  1962 | D:3      | Killed Natasha
  1963 | D:3      | Reached skill level 5 in Throwing
  1963 | D:3      | Reached XP level 6. HP: 53/55 MP: 5/5
  2381 | D:4      | Reached skill level 4 in Unarmed Combat
  2441 | D:4      | Found Xuplis's Gadget Boutique.
  2441 | D:4      | Identified the +3 hand axe of Battle {vamp, rN+ Will+
                  | Dex+2}
  2468 | D:4      | Reached XP level 7. HP: 22/62 MP: 6/6
  2705 | D:4      | Found a runed translucent gate.
  2705 | D:4      | Found a runed translucent gate.
  2706 | D:4      | Found a runed translucent gate.
  2707 | D:4      | Noticed generaletaddeo's ghost (amateur NaTm)
  2708 | D:4      | Noticed grovkorv's ghost (weakling DgDe)
  2717 | D:4      | Killed grovkorv's ghost
  2726 | D:4      | Killed generaletaddeo's ghost
  2727 | D:4      | Reached skill level 5 in Unarmed Combat
  3103 | D:5      | Entered Level 5 of the Dungeon
  3126 | D:5      | Found a staircase to the Ecumenical Temple.
  3430 | D:5      | Found a radiant altar of Vehumet.
  3433 | D:5      | Found a stormy altar of Qazlal.
  3534 | D:5      | Found a sparkling altar of Nemelex Xobeh.
  4005 | D:5      | Found Apaezir's General Store.
  4008 | D:5      | Bought a scroll of identify for 30 gold pieces
  4008 | D:5      | Bought a scroll of enchant armour for 112 gold pieces
  4016 | D:5      | Gained mutation: Your muscles are strong. (Str +2) [potion
                  | of mutation]
  4016 | D:5      | Lost mutation: Your muscles are strong. (Str +2) [potion of
                  | mutation]
  4016 | D:5      | Gained mutation: You can translocate small distances at
                  | will. [potion of mutation]
  4077 | D:6      | Reached skill level 6 in Unarmed Combat
  4077 | D:6      | Reached XP level 8. HP: 53/70 MP: 7/7
  4100 | D:6      | Reached skill level 1 in Evocations
  4181 | D:6      | Reached skill level 5 in Shields
  4623 | D:6      | Found a glowing drain.
  4639 | Sewer    | Entered a sewer
  4684 | Sewer    | Reached skill level 7 in Unarmed Combat
  5087 | D:7      | Reached XP level 9. HP: 72/76 MP: 8/8
  5323 | D:7      | Noticed Dowan
  5324 | D:7      | Noticed Duvessa
  5333 | D:7      | Killed Dowan
  5340 | D:7      | Killed Duvessa
  5528 | D:7      | Noticed Joseph
  5576 | D:7      | Slain by Joseph

Illustrated notes

Levels and vault maps discovered:
D:1:      sevenhm_arrival_forest_fort_large_4, layout_basic
D:2:      layout_basic, serial_aquarium, aquarium_bridge_straight
          [aquarium_subvault_bridge, aquarium_subvault_wall,
          aquarium_subvault_bridge, aquarium_subvault_window],
          aquarium_window_3, aquarium_window_1, aquarium_window_corner,
          aquarium_view_2c, aquarium_pool_1
D:3:      layout_loops_ring, uniq_robin, uniq_purgy, uniq_natasha
D:4:      layout_loops_cross, serial_shops, shop, gammafunk_ghost_cemetery
D:5:      layout_basic, nemelex_altar_shiori, minitemple,
          minmay_temple_entry_hall, serial_shops, kennysheep_mini
D:6:      lemuel_ratsnest, layout_loops_ring, portal_sewer_entry_b
D:7:      wad_guarded_room, layout_loops_ring, kennysheep_little_box,
          uniq_joseph, uniq_duvessa

Skill      XL: |  1  2  3  4  5  6  7  8  9 |
---------------+----------------------------+-----
Unarmed Combat | 1 2 3 4 6 7 |  7.9
Throwing       | 4 5 |  5.0
Shields        | 1 2 3 4 5 6 |  6.2
Evocations     | 3 |  3.7
Fighting       | |  1.5
Dodging        | |  1.5
Stealth        | |  0.3

Action                   |  1- 3 |  4- 6 |  7- 9 || total
-------------------------+-------+-------+-------++-------
Melee: Unarmed           |   138 |   145 |   437 ||   720
       Punch             |       |       |     8 ||     8
  Use: Scroll            |       |       |    16 ||    16
       Potion            |       |       |     2 ||     2
 Stab: Sleeping          |     1 |       |       ||     1
Armor: Robe              |    78 |       |       ||    78
       Troll leather arm |       |    77 |   203 ||   280
Dodge: Dodged            |    95 |    80 |   166 ||   341
